 Dungeon Crawl Stone Soup version 0.29-a0-700-g2f1814c7b2 (webtiles) character file.

Game seed: 549515782511814529

191 Sabo the Skirmisher (level 5, -1/50 HPs)
             Began as a Hill Orc Fighter on June 25, 2022.
             Was a Believer of Ashenzari.
             Killed by nerve-wracking pain
             ... invoked by an orc priest
              (14 damage)
             ... on level 4 of the Dungeon.
             The game lasted 00:15:57 (3152 turns).

Sabo the Skirmisher (Hill Orc Fighter)              Turns: 3152, Time: 00:15:57

Health: -1/50      AC: 16    Str: 21    XL:     5   Next: 70%
Magic:  5/5        EV: 10    Int: 14    God:    Ashenzari [**....]
Gold:   168        SH:  5    Dex: 10    Spells: 4/4 levels left

rFire   . . .      SeeInvis +   d - +5 mace "Shackled Optimism" {protect, Fort, Self} (curse)
rCold   . . .      Faith    .   c - +0 buckler
rNeg    . . .      Spirit   .   b - +0 scale mail
rPois   .          Reflect  .   (no helmet)
rElec   .          Harm     .   (no cloak)
rCorr   .          Rampage  .   o - +1 pair of gloves of Ashenzari's Stickiness {Cun, Comp} (curse)
Will    .....                   (no boots)
Stlth   ..........              (no amulet)
HPRegen 0.16/turn               h - ring "Share My Ordeal" {Int+6, Fort, Self} (curse)
MPRegen 0.09/turn               (no ring)

@: under a protective aura
A: no striking features
a: Renounce Religion, Convert to Beogh, Shatter the Chains


You were on level 4 of the Dungeon.
You worshipped Ashenzari.
Ashenzari was pleased with you.
You visited 1 branch of the dungeon, and saw 4 of its levels.

You collected 168 gold pieces.

Inventory:

Hand Weapons
 a - a +0 war axe
 d - the cursed +5 mace "Shackled Optimism" (weapon) {protect, Fort, Self}
   (You took it off Terence on level 3 of the Dungeon)

   It grants its wielder temporary protection when it strikes (+7 to AC).
   It has a curse which improves the following skills: Fortitude: Armour and
   Shields.
   Introspection: Fighting and Spellcasting.
 f - a +2 dagger of speed
 k - a +0 hunting sling
 l - a +0 arbalest
Missiles
 e - 4 atropa-tipped darts (quivered)
Armour
 b - a +0 scale mail (worn)
 c - a +0 buckler (worn)
 o - the cursed +1 pair of gloves of Ashenzari's Stickiness (worn) {Cun, Comp}
   (You found it on level 3 of the Dungeon)

   It has a curse which improves the following skills: Cunning: Dodging and
   Stealth.
   Companions: Summonings and Necromancy.
Jewellery
 h - the cursed ring "Share My Ordeal" (left hand) {Int+6, Fort, Self}
   (You found it on level 1 of the Dungeon)

   [ring of intelligence]

   Int:       It affects your intelligence (+6).
   It has a curse which improves the following skills: Fortitude: Armour and
   Shields.
   Introspection: Fighting and Spellcasting.
Scrolls
 g - a scroll of enchant armour
 i - 3 scrolls of fear
 n - 2 scrolls of magic mapping
Potions
 j - 2 potions of curing
 m - a potion of berserk rage


   Skills:
 + Level 4.3(6.1) Fighting
 + Level 4.2(4.5) Axes
 + Level 1.6(2.8) Maces & Flails
 + Level 4.2(6.0) Armour
 + Level 1.1(1.9) Dodging
 + Level 0.2(0.4) Stealth
 + Level 4.2(6.0) Shields


You had 4 spell levels left.
You didn't know any spells.
Your spell library contained the following spells:

 Spells                   Type           Power      Damage    Failure   Level
 Apportation              Tloc           0%         N/A       67%         1
 Sublimation of Blood     Necr           0%         N/A       78%         2
 Wereblood                Tmut           0%         N/A       80%         2
 Alistair's Intoxication  Tmut/Pois      0%         N/A       100%        5
 Summon Hydra             Summ           0%         N/A       100%        7


Dungeon Overview and Level Annotations

Branches:
Dungeon (4/15)
 Temple: D:4-7

Altars:
Ashenzari

Shops:
D:2 [   D:3 *


Message History

The orc wizard gestures at you while chanting.
You resist with some effort. You block the orc wizard's attack.
The orc hits you but does no damage. The orc hits you but does no damage.
The orc wizard gestures at you while chanting.
You resist with some effort.
You hit the orc wizard.
The orc wizard is almost dead.
The orc hits you but does no damage. The orc wizard misses you.
You block the orc wizard's attack. You block the orc's attack.
You hit the orc wizard.
You kill the orc wizard!
The orc misses you.
An orc priest comes into view. It is wielding a +0 dagger.
An orc priest comes into view. It is wielding a +0 flail.
The orc hits you but does no damage.
Things that are here:
a +0 dagger; a +0 robe You hit the orc.
The orc is severely wounded.
The orc hits you with a +3 falchion.
The orc priest shouts!
The orc priest shouts, "Surrender to Beogh and we'll let you live!" (press Y on the ability menu to convert to Beogh)
You sock the orc!
You kill the orc!
You hear a shout!
The orc priest calls down the wrath of Beogh upon you.
Pain shoots through your body!
* * * LOW HITPOINT WARNING * * *
Things that are here:
a +3 falchion; a +0 leather armour The orc priest closely misses you.
Things that are here:
a +3 falchion; a +0 leather armour You hit the orc priest but do no damage.
The orc priest miscasts a cantrip.
The orc priest mumbles some strange prayers to Beogh against you.
Pain shoots through your body!
You die...

##########.. ,
#........... #..........o
#.......oo ,* , ####
#........ , ...#
#......#### , *
...#########......#.§#####
*
........#.......o..§§§§§§.
........'..)....@..§§§§§§§
........#.........#.§§§§§§
, ,
........#...........§#####
....#####......#...§###
....# #......#.......,
....# #......#....#.# *, ,
....# #......[....#.#
....#######.##.!...##.# ,
###>.........†.........


You could see 2 orc priests.

Vanquished Creatures
  A hound (D:4)
  Terence (D:3)
  2 orc wizards (D:4)
  2 adders
  A worm (D:2)
  5 orcs (D:4)
  4 bats
  5 endoplasms
  2 giant cockroaches (D:1)
  3 goblins
  4 hobgoblins
  6 jackals
  7 ball pythons
  3 frilled lizards
  4 kobolds
  10 rats
60 creatures vanquished.

Vanquished Creatures (others)
  A fungus (D:1)
1 creature vanquished.

Grand Total: 61 creatures vanquished

Notes
Turn   | Place    | Note
-------+----------+-------------------------------------------
     0 | D:1      | Sabo the Hill Orc Fighter began the quest for the Orb.
     0 | D:1      | Reached XP level 1. HP: 19/19 MP: 1/1
   291 | D:1      | Reached XP level 2. HP: 25/27 MP: 2/2
   436 | D:1      | Found a faded altar of an unknown god.
   442 | D:1      | Prayed at the altar of an unknown god.
   442 | D:1      | Became a worshipper of Ashenzari the Shackled
  1045 | D:2      | Reached XP level 3. HP: 34/34 MP: 3/3
  1305 | D:2      | Found Bangyp's Armour Shop.
  1881 | D:3      | Found Qixtocs's General Store.
  1951 | D:3      | Reached * piety under Ashenzari
  2034 | D:3      | Reached XP level 4. HP: 41/41 MP: 4/4
  2068 | D:3      | Noticed Terence
  2079 | D:3      | Killed Terence
  2426 | D:3      | Reached ** piety under Ashenzari
  2993 | D:4      | Reached skill level 1 in Dodging
  2993 | D:4      | Reached XP level 5. HP: 50/50 MP: 5/5
  3089 | D:4      | Reached skill level 1 in Maces & Flails
  3152 | D:4      | Killed from afar by an orc priest

Illustrated notes

Levels and vault maps discovered:
D:1:      matt_arrival_los_fun, layout_loops_cross,
          shapermc_ecumenical_altar_petra, minmay_rat_gold_closets
D:2:      layout_rooms, serial_shops, shop, hangedman_decor_diamond_cutter,
          nrook_uturn, st_stairs_3
D:3:      layout_loops_ring, serial_shops, nicolae_shop_advertising_works
          [nicolae_subvault_shop_adworks], roderic_roman_lattice, minivault_14,
          uniq_terence
D:4:      layout_basic, beargit_hepliaklqana_dungeon_heroes

Skill      XL: |  1  2  3  4  5 |
---------------+----------------+-----
Axes           | 3 4 |  4.2
Fighting       | 4 |  4.3
Shields        | 4 |  4.2
Armour         | 4 |  4.2
Dodging        | 1 |  1.1
Maces & Flails | 1 |  1.6
Stealth        | |  0.2

Action                   |  1- 3 |  4- 6 || total
-------------------------+-------+-------++-------
Melee: War axe           |   100 |     8 ||   108
       Mace              |       |    51 ||    51
Invok: Curse Item        |     2 |     1 ||     3
  Use: Scroll            |     5 |     1 ||     6
       Potion            |       |     1 ||     1
Armor: Scale mail        |    71 |    42 ||   113
Dodge: Dodged            |    62 |    35 ||    97
Block: Buckler           |    29 |    16 ||    45

Table legend: (Time is in decaauts)
 A = Elapsed time spent in this place.
 B = Non-inter-level travel time spent in this place.
 C = Inter-level travel time spent in this place.
 D = Time resting spent in this place.
 E = Time spent auto-exploring this place.
 F = Levels seen in this place.
 G = Mean time per level.
                   A        B        C        D        E       F      G
               +--------+--------+--------+--------+--------+-----+--------+
         Total |   3208 |   3208 |      0 |    796 |      0 |   4 |  802.0 |
       Dungeon |   3208 |   3208 |      0 |    796 |      0 |   4 |  802.0 |
               +--------+--------+--------+--------+--------+-----+--------+

Top non-repeatable levels by time:
     D:3: 1202 daAuts
     D:1: 991 daAuts
     D:2: 810 daAuts
     D:4: 203 daAuts
